 Dungeon Crawl Stone Soup version 0.31-a0-180-g519b7de00c (webtiles) character file.

Game seed: 350161168596528349

23144 qw the Cleaver (level 13, -4/82 HPs)
             Began as a Gargoyle Fighter on June 19, 2023.
             Was an Elder of Okawaru.
             Slain by a swamp worm (14 damage)
             ... on level 3 of the Lair of Beasts.
             The game lasted 00:06:00 (11430 turns).

qw the Cleaver (Gargoyle Fighter)                  Turns: 11430, Time: 00:06:01

Health: -4/82      AC: 38    Str: 30    XL:     13   Next: 4%
Magic:  19/20      EV: 12    Int: 10    God:    Okawaru [****..]
Gold:   234        SH:  6    Dex: 11    Spells: 12/12 levels left

rFire   + . .        Y - +3 war axe (freeze)
rCold   + . .        c - +0 buckler
rNeg    + . .        q - +2 chain mail {rF+}
rPois   inf          a - +1 helmet
rElec   +            x - +2 cloak
rCorr   .            o - +2 pair of gloves
SInv    +            (no boots)
Will    .....        (no amulet) Stlth
                     f - +4 ring of protection
HPRegen 0.33/turn    y - ring of the Disturbing Youths {rElec rC+ Str+6 Dex+2 SInv}
MPRegen 0.17/turn

%: no passive effects
@: about to teleport, heroic
A: sickness immunity, AC +9, negative energy resistance 1, electricity
resistance, torment resistance 1, petrification resistance
a: Renounce Religion, Heroism, Finesse


You were on level 3 of the Lair of Beasts.
You worshipped Okawaru.
Okawaru was greatly pleased with you.
You visited 3 branches of the dungeon, and saw 14 of its levels.
You also visited: Ossuary.

You collected 864 gold pieces.
You spent 630 gold pieces at shops.


Innate Abilities, Weirdness & Mutations

You are immune to sickness and miasma.
Your stone body is resilient. (AC +9)
You are immune to poison.
You resist negative energy. (rN+)
You are resistant to electric shocks. (rElec)
You are resistant to unholy torment.
You are immune to petrification.


   Skills:
 - Level 10.0(15.0) Fighting
 + Level 12.9(17.9) Axes
 - Level 5.1(10.1) Throwing
 - Level 8.3(13.3) Armour
 - Level 3.2(8.2) Dodging
 - Level 6.0(11.0) Shields
 - Level 10.0 Invocations


You had 12 spell levels left.
You didn't know any spells.
Your spell library was empty.

Inventory:

Hand Weapons
 m - a +0 eveningstar
 Y - a +3 war axe of freezing (weapon)
Missiles
 l - 2 silver javelins (quivered)
Armour
 a - a +1 helmet (worn)
 c - a +0 buckler (worn)
 o - a +2 pair of gloves (worn)
 q - a +2 chain mail of fire resistance (worn)
 v - a +0 plate armour
 w - the +3 hat of Pondering {ponderous, Will+ MP+10 Int+5}
   (You took it off Gastronok on level 9 of the Dungeon)

   Int:       It affects your intelligence (+5).
   MP:        It affects your magic capacity (+10).
   Will:      It increases your willpower.
 x - a +2 cloak (worn)
Jewellery
 f - a +4 ring of protection (left hand)
 h - an amulet of guardian spirit
 y - the ring of the Disturbing Youths (right hand) {rElec rC+ Str+6 Dex+2 SInv}
   (You found it on level 9 of the Dungeon)

   [ring of strength]

   Str:       It affects your strength (+6).
   Dex:       It affects your dexterity (+2).
   rC:        It protects you from cold.
   rElec:     It insulates you from electricity.
   SInv:      It lets you see invisible.
Wands
 n - a wand of digging (2)
Scrolls
 k - 7 scrolls of teleportation
 s - 3 scrolls of identify
Potions
 b - 3 potions of magic
 d - a potion of might
 e - a potion of attraction
 g - 5 potions of heal wounds
 i - 6 potions of curing
 j - a potion of cancellation
 t - a potion of enlightenment

Dungeon Overview and Level Annotations

Branches:
Dungeon (10/15)            Temple (1/1) D:6            Lair (3/5) D:10
  Swamp (0/4) Lair:3        Snake (0/4) Lair:2          Orc (0/2) D:10
Ossuary (visited)

Altars:
Ashenzari
Cheibriados
Dithmenos
Elyvilon
Fedhas
Gozag
Hepliaklqana
Kikubaaqudgha
Makhleb
Nemelex Xobeh
Okawaru
Qazlal
Ru
Sif Muna
Trog
Uskayaw
Vehumet
Wu Jian
Xom
Yredelemnul
Zin
The Shining One

Shops:
D:5 *   D:10 [

Annotations:
D:4 1 runed translucent door, Crazy Yiuf


Message History

The swamp worm is moderately wounded.
You closely miss the swamp worm. You slash the swamp worm!
You freeze the swamp worm. The swamp worm bites you!
You block the swamp worm's attack.
You hit the swamp worm. You freeze the swamp worm.
The swamp worm is heavily wounded.
You hit the swamp worm. You freeze the swamp worm. You slash the swamp worm!
You freeze the swamp worm!
The swamp worm bites you but does no damage.
The swamp worm bites you!
Your unstable footing causes you to fumble your attack.
The swamp worm completely misses you.
The swamp worm bites you but does no damage.
11428 ||| Stepping ~*~*~tactically~*~*~ (water).
The swamp worm attacks as you move away!
You block the swamp worm's attack.
The swamp worm fires a harpoon shot at you.
The harpoon shot hits you!
You are yanked forward by the harpoon shot.
Splash!
You fall into the shallow water.
Moving in this stuff is going to be slow.
The swamp worm bites you.
The tyrant leech bites you but does no damage.
The swamp worm bites you but does no damage.
You block the swamp worm's attack.
The swamp worm bites you but does no damage.
The swamp worm barely misses you. The tyrant leech bites you.
11429 ||| Stepping ~*~*~tactically~*~*~ (water).
The swamp worm attacks as you move away!
The swamp worm bites you but does no damage.
The swamp worm bites you! The swamp worm bites you.
The swamp worm barely misses you. The swamp worm bites you!
The swamp worm closely misses you.
11430 ||| READING 8 scrolls of teleportation.
As you read the scroll of teleportation, it crumbles to dust.
You feel strangely unstable. The swamp worm closely misses you.
The swamp worm barely misses you. The swamp worm bites you!
You die...

##.##.# #..###
##.## #..## ##..#
### #..# ##.###
#.## #.[..##
#.P## 77@77..###
#...#
7www77...###...#
7¤ww¤7...##....#
7¤~¤¤¤7...##..#.#
7¤¤~¤~7...#.#..##
77~7~77..#.##..#
77 77......#.#.#
#..........##
#....#/.....#


You could see a tyrant leech and 4 swamp worms.

Vanquished Creatures
  Gastronok (D:9)
  Josephine (D:10)
  A catoblepas (Lair:2)
  A two-headed ogre (D:10)
  3 death yaks
  A skyshark (Lair:2)
  Amaemon (Lair:1)
  A lindwurm (Lair:2)
  Pikel (D:8)
  A deep elf pyromancer (D:10)
  A gargoyle (D:10)
  3 cane toads
  11 komodo dragons
  An orange demon (Lair:1)
  2 rime drakes (Lair:2)
  A polar bear (Lair:2)
  10 blink frogs
  3 wraiths (D:10)
  A shadow (D:10)
  4 wyverns
  13 yaks
  Grum (D:9)
  A basilisk (Lair:2)
  3 vampire mosquitoes (D:10)
  3 steam dragons
  3 nagas (Lair:2)
  Duvessa (D:5)
  7 water moccasins
  An ice beast (D:7)
  A sky beast (D:6)
  3 orc warriors
  A black bear (D:7)
  An ogre (D:4)
  4 centaurs
  5 wolves
  2 lemures (D:8)
  A phantom (D:4)
  A kobold brigand (D:8)
  An elf zombie (Ossuary)
  Blork the orc (D:4)
  6 bullfrogs
  3 gnoll sergeants
  3 scorpions (D:6)
  Dowan (D:5)
  7 killer bees (D:8)
  3 vampire bats (D:3)
  3 electric eels
  A howler monkey (D:8)
  A hound (D:6)
  2 human zombies (Ossuary)
  6 orc priests
  A gnoll bouda (D:6)
  7 iguanas
  6 orc wizards
  7 hell rats (Lair:1)
  Ijyb (D:4)
  A statue (D:7)
  A hound zombie (Ossuary)
  4 mummies (Ossuary)
  9 gnolls
  A river rat (D:10)
  6 adders
  A shadow imp (D:5)
  A white imp (D:8)
  2 ufetubi
  A worm (D:2)
  A dart slug (D:4)
  39 orcs
  2 ball pythons
  4 bat skeletons (D:3)
  A bat zombie (D:3)
  5 endoplasms
  5 giant cockroaches
  6 goblins
  7 hobgoblins
  2 jackals (D:1)
  3 quokkas
  7 bats
  7 frilled lizards
  4 gnoll zombies (Ossuary)
  A goblin zombie (Ossuary)
  12 kobolds
  A kobold zombie (Ossuary)
  2 orc zombies (Ossuary)
  7 rats
304 creatures vanquished.

Notes
Turn   | Place    | Note
-------+----------+-------------------------------------------
     0 | D:1      | qw the Gargoyle Fighter began the quest for the Orb.
     0 | D:1      | Reached XP level 1. HP: 14/14 MP: 1/1
     0 | D:1      | 0 ||| qw: Version: 0.3-a-7-ge0c9b40
     0 | D:1      | 0 ||| qw: Game counter: 943
     0 | D:1      | 0 ||| qw: Always use a shield: true
     0 | D:1      | 0 ||| qw: God list: Okawaru
     0 | D:1      | 0 ||| qw: Allow faded altars: false
     0 | D:1      | 0 ||| qw: Do Orc after D:15 true
     0 | D:1      | 0 ||| qw: Do second Lair branch before Depths: true
     0 | D:1      | 0 ||| qw: Lair rune preference: random
     0 | D:1      | 0 ||| qw: Plans: Normal, Zot:1-4, Slime:5, God:TSO, Crypt,
                  | Tomb, Abyss, Pan, Hells, Win
     0 | D:1      | 0 ||| PLANNING D:1-11
    73 | D:1      | Reached skill level 2 in Axes
   287 | D:1      | Reached XP level 2. HP: 19/19 MP: 2/2
   409 | D:1      | You fall into a shaft and drop 1 floor!
   506 | D:2      | 506 ||| DROPPING +0 club.
   563 | D:2      | Reached skill level 3 in Axes
   563 | D:2      | Reached XP level 3. HP: 13/23 MP: 3/3
   605 | D:2      | 605 ||| READING scroll labelled KAHIHA VEILO.
   610 | D:2      | 610 ||| READING scroll labelled VUONABRUUH.
   611 | D:2      | 611 ||| READING scroll labelled AFAVVUOLER.
   614 | D:2      | 614 ||| FLEEEEING.
   615 | D:2      | 615 ||| FLEEEEING.
   616 | D:2      | 616 ||| FLEEEEING.
   617 | D:2      | 617 ||| FLEEEEING.
   618 | D:2      | 618 ||| FLEEEEING.
   619 | D:2      | 619 ||| FLEEEEING.
   620 | D:2      | 620 ||| FLEEEEING.
   621 | D:2      | 621 ||| STAIRDANCE
  1132 | D:1      | Reached XP level 4. HP: 27/28 MP: 4/4
  1306 | D:2      | Found a faded altar of an unknown god.
  1320 | D:2      | 1320 ||| Stepping ~*~*~tactically~*~*~ (stealth).
  1331 | D:2      | 1331 ||| FLEEEEING.
  1333 | D:2      | 1333 ||| FLEEEEING.
  1334 | D:2      | 1334 ||| STAIRDANCE
  1360 | D:2      | Reached skill level 4 in Axes
  1610 | D:2      | 1610 ||| DRINKING 2 coppery potions.
  1618 | D:3      | 1618 ||| STAIRDANCE
  1721 | D:3      | 1721 ||| Stepping ~*~*~tactically~*~*~ (stealth).
  1732 | D:3      | 1732 ||| Stepping ~*~*~tactically~*~*~ (stealth).
  1739 | D:3      | 1739 ||| Stepping ~*~*~tactically~*~*~ (stealth).
  1807 | D:3      | Reached XP level 5. HP: 13/32 MP: 5/5
  2117 | D:3      | Found an ancient bone altar of Kikubaaqudgha.
  2129 | D:3      | Reached skill level 5 in Axes
  2193 | D:3      | Reached XP level 6. HP: 39/39 MP: 6/6
  2301 | D:3      | 2301 ||| READING scroll labelled MOCSACIEPN.
  2302 | D:3      | 2302 ||| READING scroll labelled DUHIEV YTROU.
  2305 | D:3      | 2305 ||| READING scroll labelled HEWKOT ETEMA.
  2324 | D:4      | 2324 ||| Stepping ~*~*~tactically~*~*~ (stealth).
  2325 | D:4      | 2325 ||| Stepping ~*~*~tactically~*~*~ (stealth).
  2335 | D:4      | Reached skill level 1 in Dodging
  2352 | D:4      | Reached XP level 7. HP: 41/44 MP: 7/7
  2478 | D:4      | Found a shadowy altar of Dithmenos.
  2512 | D:4      | Noticed Blork the orc
  2517 | D:4      | Killed Blork the orc
  2518 | D:4      | Reached skill level 6 in Axes
  2579 | D:4      | Found a runed translucent door.
  2580 | D:4      | Noticed Crazy Yiuf
  2683 | D:4      | Found a blossoming altar of Fedhas.
  2808 | D:4      | 2808 ||| Stepping ~*~*~tactically~*~*~ (hiding).
  2809 | D:4      | 2809 ||| Stepping ~*~*~tactically~*~*~ (hiding).
  2942 | D:4      | Noticed Ijyb
  2959 | D:4      | Killed Ijyb
  3080 | D:4      | Identified the +10 quarterstaff of Piotauf {heavy, rF+ rN+
                  | Str+3}
  3166 | D:4      | 3166 ||| UPGRADING to +0 helmet.
  3171 | D:4      | 3171 ||| UPGRADING to +0 chain mail.
  3181 | D:4      | 3181 ||| DROPPING +0 scale mail.
  3182 | D:4      | 3182 ||| UPGRADING to +0 pair of gloves.
  3187 | D:4      | 3187 ||| READING scroll labelled KIZAISTR ARCHU.
  3216 | D:5      | Entered Level 5 of the Dungeon
  3260 | D:5      | 3260 ||| DROPPING +0 mace.
  3391 | D:5      | Found a broken altar of Ashenzari.
  3401 | D:5      | 3401 ||| UPGRADING to +4 ring of protection.
  3403 | D:5      | 3403 ||| Stepping ~*~*~tactically~*~*~ (hiding).
  3404 | D:5      | 3404 ||| Stepping ~*~*~tactically~*~*~ (hiding).
  3405 | D:5      | 3405 ||| Stepping ~*~*~tactically~*~*~ (hiding).
  3425 | D:5      | Found a hide-covered altar of Uskayaw.
  3492 | D:5      | Found a shimmering blue altar of Sif Muna.
  3581 | D:5      | 3581 ||| Stepping ~*~*~tactically~*~*~ (hiding).
  3626 | D:5      | Found Eenugu's Eclectic Emporium.
  3638 | D:5      | Reached skill level 7 in Axes
  3658 | D:5      | 3658 ||| BUYING +0 eveningstar (165 gold).
  3658 | D:5      | Bought a +0 eveningstar for 165 gold pieces
  3658 | D:5      | 3658 ||| SHOPLISTING +5 ring of evasion (396 gold, have
                  | 164).
  3658 | D:5      | 3658 ||| SHOPLISTING potion of experience (550 gold, have
                  | 164).
  3658 | D:5      | 3658 ||| BUYING scroll of enchant armour (82 gold).
  3658 | D:5      | Bought a scroll of enchant armour for 82 gold pieces
  3658 | D:5      | 3658 ||| BUYING scroll of enchant weapon (82 gold).
  3658 | D:5      | Bought a scroll of enchant weapon for 82 gold pieces
  3658 | D:5      | 3658 ||| DROPPING +0 flail.
  3659 | D:5      | 3659 ||| READING scroll of enchant armour.
  3659 | D:5      | 3659 ||| ENCHANTING +0 pair of gloves.
  3660 | D:5      | 3660 ||| READING scroll of enchant weapon.
  3660 | D:5      | 3660 ||| ENCHANTING +1 war axe of freezing.
  3696 | D:5      | 3696 ||| READING scroll of enchant armour.
  3696 | D:5      | 3696 ||| ENCHANTING +1 pair of gloves.
  3724 | D:5      | Reached XP level 8. HP: 41/49 MP: 8/8
  3816 | D:5      | Noticed Duvessa
  3816 | D:5      | Noticed Dowan
  3824 | D:5      | Killed Dowan
  3825 | D:5      | Reached skill level 1 in Throwing
  3831 | D:5      | HP: 12/49 [Duvessa/+0 short sword (5)]
  3832 | D:5      | 3832 ||| READING 2 scrolls of teleportation.
  3833 | D:5      | HP: 3/49 [Duvessa/+0 short sword (4)]
  3834 | D:5      | Killed Duvessa
  4148 | D:6      | 4148 ||| PLANNING OSSUARY
  4164 | D:6      | Identified the +4 spear "Asku" {flame, +Blink rC+ Str+2}
  4239 | D:6      | 4239 ||| READING scroll of enchant weapon.
  4239 | D:6      | 4239 ||| ENCHANTING +2 war axe of freezing.
  4286 | D:6      | 4286 ||| Stepping ~*~*~tactically~*~*~ (stealth).
  4331 | D:6      | Found a sand-covered staircase.
  4337 | Ossuary  | Entered an ossuary
  4350 | Ossuary  | Reached skill level 8 in Axes
  4530 | Ossuary  | 4530 ||| READING scroll labelled IMIEPOSTAI.
  4531 | Ossuary  | 4531 ||| READING 2 scrolls labelled PAIZ MIMULARAGH.
  4532 | Ossuary  | 4532 ||| DRINKING 2 black potions.
  4533 | Ossuary  | 4533 ||| DRINKING 2 white potions.
  4534 | Ossuary  | 4534 ||| DRINKING 2 glowing red potions.
  4535 | Ossuary  | 4535 ||| DROPPING potion of brilliance.
  4548 | D:6      | 4548 ||| PLANNING D:1-11
  4592 | D:6      | Reached skill level 6 in Fighting
  4712 | D:6      | Reached XP level 9. HP: 56/56 MP: 9/9
  4754 | D:6      | Found a staircase to the Ecumenical Temple.
  4755 | D:6      | 4755 ||| PLANNING TEMPLE
  4755 | D:6      | 4755 ||| UPGRADING to amulet of guardian spirit.
  4760 | D:6      | 4760 ||| READING 2 scrolls of identify.
  4760 | D:6      | 4760 ||| IDENTIFYING fizzy pink potion
  4776 | Temple   | Entered the Ecumenical Temple
  4777 | Temple   | 4777 ||| PLANNING OKAWARU WORSHIP
  4819 | Temple   | Became a worshipper of Warmaster Okawaru
  4820 | Temple   | 4820 ||| PLANNING D:1-11
  4820 | Temple   | 4820 ||| REMOVING amulet of guardian spirit.
  4841 | D:6      | 4841 ||| Stepping ~*~*~tactically~*~*~ (stealth).
  4859 | D:6      | Identified the +0 scale mail of Faast {Regen+ SInv}
  4862 | D:6      | 4862 ||| Stepping ~*~*~tactically~*~*~ (stealth).
  4865 | D:6      | 4865 ||| Stepping ~*~*~tactically~*~*~ (stealth).
  5002 | D:6      | 5002 ||| UPGRADING to +0 scale mail of Faast {Regen+ SInv}.
  5012 | D:6      | 5012 ||| DROPPING +0 chain mail.
  5013 | D:6      | 5013 ||| READING scroll labelled XOWUAN CAFUZ.
  5028 | D:7      | 5028 ||| Stepping ~*~*~tactically~*~*~ (hiding).
  5078 | D:7      | 5078 ||| Stepping ~*~*~tactically~*~*~ (hiding).
  5092 | D:7      | Reached skill level 9 in Axes
  5093 | D:7      | 5093 ||| DRINKING 7 potions of curing.
  5093 | D:7      | 5093 ||| (to cure confusion)
  5158 | D:7      | 5158 ||| READING scroll of enchant armour.
  5158 | D:7      | 5158 ||| ENCHANTING +0 helmet.
  5339 | D:7      | Found a flagged portal.
  5340 | D:7      | 5340 ||| Stepping ~*~*~tactically~*~*~ (hiding).
  5459 | D:7      | 5459 ||| Stepping ~*~*~tactically~*~*~ (hiding).
  5460 | D:7      | 5460 ||| Stepping ~*~*~tactically~*~*~ (hiding).
  5468 | D:7      | 5468 ||| Stepping ~*~*~tactically~*~*~ (stealth).
  5475 | D:7      | 5475 ||| Stepping ~*~*~tactically~*~*~ (stealth).
  5481 | D:7      | 5481 ||| Stepping ~*~*~tactically~*~*~ (stealth).
  5482 | D:7      | 5482 ||| Stepping ~*~*~tactically~*~*~ (stealth).
  5487 | D:7      | 5487 ||| Stepping ~*~*~tactically~*~*~ (stealth).
  5543 | D:7      | 5543 ||| Stepping ~*~*~tactically~*~*~ (hiding).
  5545 | D:7      | 5545 ||| Stepping ~*~*~tactically~*~*~ (hiding).
  5558 | D:7      | HP: 14/56 [gnoll sergeant/+2 trident of freezing (13)]
  5559 | D:7      | 5559 ||| READING 6 scrolls of teleportation.
  5693 | D:7      | 5693 ||| Stepping ~*~*~tactically~*~*~ (stealth).
  5792 | D:7      | Found a radiant altar of Vehumet.
  5811 | D:7      | Reached * piety under Okawaru
  5858 | D:7      | 5858 ||| READING scroll labelled OLEEPSU SOGGAICISK.
  5859 | D:7      | 5859 ||| DRINKING 2 orange potions.
  5860 | D:7      | 5860 ||| READING 3 scrolls of identify.
  5860 | D:7      | 5860 ||| IDENTIFYING smoky grey potion
  5861 | D:7      | 5861 ||| READING 2 scrolls of identify.
  5861 | D:7      | 5861 ||| IDENTIFYING smoky black potion
  5862 | D:7      | 5862 ||| DROPPING potion of degeneration.
  5873 | D:8      | 5873 ||| INVOKING Heroism.
  5916 | D:8      | Identified the +2 spear of Ohilit {venom, Dex+2}
  5964 | D:8      | 5964 ||| Stepping ~*~*~tactically~*~*~ (hiding).
  5965 | D:8      | 5965 ||| Stepping ~*~*~tactically~*~*~ (hiding).
  5973 | D:8      | Reached skill level 1 in Invocations
  5995 | D:8      | 5995 ||| INVOKING Heroism.
  6008 | D:8      | Reached skill level 10 in Axes
  6019 | D:8      | 6019 ||| Stepping ~*~*~tactically~*~*~ (stealth).
  6130 | D:8      | 6130 ||| Stepping ~*~*~tactically~*~*~ (hiding).
  6144 | D:8      | Reached skill level 3 in Invocations
  6213 | D:8      | Reached XP level 10. HP: 61/63 MP: 12/12
  6236 | D:8      | 6236 ||| INVOKING Heroism.
  6395 | D:8      | Noticed Pikel
  6408 | D:8      | Killed Pikel
  6409 | D:8      | Reached skill level 3 in Dodging
  6439 | D:8      | 6439 ||| Stepping ~*~*~tactically~*~*~ (hiding).
  6444 | D:8      | 6444 ||| DRINKING 6 potions of curing.
  6444 | D:8      | 6444 ||| (to cure confusion)
  6445 | D:8      | Reached ** piety under Okawaru
  6514 | D:8      | 6514 ||| INVOKING Heroism.
  6718 | D:8      | 6718 ||| DROPPING +0 chain mail of poison resistance.
  6719 | D:8      | 6719 ||| UPGRADING to +0 cloak.
  6728 | D:9      | Noticed Grum
  6729 | D:9      | 6729 ||| INVOKING Heroism.
  6736 | D:9      | Reached skill level 3 in Throwing
  6743 | D:9      | Killed Grum
  6807 | D:9      | Noticed Gastronok
  6808 | D:9      | 6808 ||| Stepping ~*~*~tactically~*~*~ (hiding).
  6820 | D:9      | 6820 ||| INVOKING Heroism.
  6837 | D:9      | Killed Gastronok
  6838 | D:9      | Reached skill level 6 in Armour
  6941 | D:9      | 6941 ||| Stepping ~*~*~tactically~*~*~ (hiding).
  7014 | D:9      | Found a sacrificial altar of Ru.
  7032 | D:9      | 7032 ||| Stepping ~*~*~tactically~*~*~ (stealth).
  7034 | D:9      | 7034 ||| Stepping ~*~*~tactically~*~*~ (stealth).
  7056 | D:9      | 7056 ||| INVOKING Heroism.
  7067 | D:9      | Reached XP level 11. HP: 46/68 MP: 12/14
  7273 | D:9      | Identified the ring of the Disturbing Youths {rElec rC+
                  | Str+6 Dex+2 SInv}
  7471 | D:9      | 7471 ||| UPGRADING to +2 cloak.
  7481 | D:9      | 7481 ||| DROPPING +0 cloak.
  7482 | D:9      | 7482 ||| UPGRADING to ring of the Disturbing Youths {rElec
                  | rC+ Str+6 Dex+2 SInv}.
  7483 | D:9      | 7483 ||| UPGRADING to +0 plate armour.
  7493 | D:9      | 7493 ||| DROPPING +0 scale mail of Faast {Regen+ SInv}.
  7494 | D:9      | 7494 ||| READING 3 scrolls of identify.
  7494 | D:9      | 7494 ||| IDENTIFYING blue potion
  7495 | D:9      | 7495 ||| DROPPING potion of ambrosia.
  7532 | D:10     | Entered Level 10 of the Dungeon
  7535 | D:10     | Noticed a death yak
  7536 | D:10     | 7536 ||| INVOKING Heroism.
  7539 | D:10     | Reached skill level 11 in Axes
  7542 | D:10     | Noticed a death yak
  7544 | D:10     | Noticed a death yak
  7550 | D:10     | Killed a death yak
  7550 | D:10     | Reached *** piety under Okawaru
  7554 | D:10     | Killed a death yak
  7559 | D:10     | 7559 ||| STAIRDANCE
  7561 | D:9      | 7561 ||| INVOKING Heroism.
  7564 | D:9      | Killed a death yak
  7565 | D:9      | Reached skill level 9 in Fighting
  7764 | D:10     | 7764 ||| INVOKING Heroism.
  7766 | D:10     | Noticed a two-headed ogre
  7776 | D:10     | Reached **** piety under Okawaru
  7783 | D:10     | Killed a two-headed ogre
  7786 | D:10     | 7786 ||| INVOKING Heroism.
  7788 | D:10     | HP: 16/71 [gnoll sergeant/+0 trident (2)]
  7789 | D:10     | 7789 ||| READING 5 scrolls of teleportation.
  7790 | D:10     | 7790 ||| DRINKING 2 potions of heal wounds.
  7793 | D:10     | Found a staircase to the Lair.
  7906 | D:10     | 7906 ||| Stepping ~*~*~tactically~*~*~ (stealth).
  7907 | D:10     | 7907 ||| Stepping ~*~*~tactically~*~*~ (stealth).
  7989 | D:10     | Found a staircase to the Orcish Mines.
  7990 | D:10     | Found Lalack's Armour Boutique.
  7994 | D:10     | 7994 ||| Stepping ~*~*~tactically~*~*~ (hiding).
  7995 | D:10     | 7995 ||| INVOKING Heroism.
  7996 | D:10     | 7996 ||| Stepping ~*~*~tactically~*~*~ (hiding).
  7998 | D:10     | 7998 ||| Stepping ~*~*~tactically~*~*~ (hiding).
  8000 | D:10     | 8000 ||| Stepping ~*~*~tactically~*~*~ (hiding).
  8019 | D:10     | 8019 ||| SHOPLISTING +1 plate armour of cold resistance
                  | (490 gold, have 381).
  8019 | D:10     | 8019 ||| BUYING +2 chain mail of fire resistance (301
                  | gold).
  8019 | D:10     | Bought a +2 chain mail of fire resistance for 301 gold
                  | pieces
  8019 | D:10     | 8019 ||| SHOPLISTING +2 helmet of intelligence (301 gold,
                  | have 80).
  8080 | D:10     | Found a glowing silver altar of Zin.
  8080 | D:10     | Found a glowing golden altar of the Shining One.
  8080 | D:10     | Found an ornate altar of the Wu Jian Council.
  8080 | D:10     | Found a basalt altar of Yredelemnul.
  8088 | D:10     | Found a hazy altar of Hepliaklqana.
  8093 | D:10     | Found a stormy altar of Qazlal.
  8309 | D:10     | Noticed Josephine
  8310 | D:10     | 8310 ||| Stepping ~*~*~tactically~*~*~ (hiding).
  8311 | D:10     | 8311 ||| Stepping ~*~*~tactically~*~*~ (hiding).
  8321 | D:10     | Killed Josephine
  8321 | D:10     | Received a gift from Okawaru
  8322 | D:10     | Reached skill level 12 in Axes
  8322 | D:10     | Reached skill level 6 in Invocations
  8413 | D:10     | Noticed a deep elf pyromancer
  8421 | D:10     | 8421 ||| INVOKING Heroism.
  8427 | D:10     | Killed a deep elf pyromancer
  8625 | D:10     | Found a snail-covered altar of Cheibriados.
  8848 | D:10     | 8848 ||| PLANNING LAIR
  8848 | D:10     | 8848 ||| UPGRADING to +2 chain mail of fire resistance.
  8858 | D:10     | 8858 ||| READING 3 scrolls labelled DAEH PIVAU.
  8859 | D:10     | 8859 ||| READING scroll labelled RERECEW YRHUR.
  8960 | D:10     | 8960 ||| DROPPING 2 scrolls of fog.
  9003 | Lair:1   | Entered Level 1 of the Lair of Beasts
  9008 | Lair:1   | 9008 ||| INVOKING Heroism.
  9018 | Lair:1   | Reached XP level 12. HP: 75/76 MP: 14/16
  9036 | Lair:1   | 9036 ||| Stepping ~*~*~tactically~*~*~ (stealth).
  9046 | Lair:1   | 9046 ||| Stepping ~*~*~tactically~*~*~ (stealth).
  9052 | Lair:1   | 9052 ||| INVOKING Heroism.
  9104 | Lair:1   | 9104 ||| INVOKING Heroism.
  9107 | Lair:1   | Reached skill level 6 in Shields
  9208 | Lair:1   | 9208 ||| INVOKING Heroism.
  9229 | Lair:1   | 9229 ||| Stepping ~*~*~tactically~*~*~ (stealth).
  9308 | Lair:1   | 9308 ||| Stepping ~*~*~tactically~*~*~ (stealth).
  9315 | Lair:1   | 9315 ||| Stepping ~*~*~tactically~*~*~ (stealth).
  9482 | Lair:1   | 9482 ||| INVOKING Heroism.
  9506 | Lair:1   | 9506 ||| Stepping ~*~*~tactically~*~*~ (stealth).
  9586 | Lair:1   | Noticed Amaemon
  9587 | Lair:1   | 9587 ||| INVOKING Heroism.
  9601 | Lair:1   | Killed Amaemon
 10093 | Lair:2   | Found a staircase to the Snake Pit.
 10094 | Lair:2   | 10094 ||| Stepping ~*~*~tactically~*~*~ (hiding).
 10112 | Lair:2   | 10112 ||| FLEEEEING.
 10119 | Lair:2   | 10119 ||| STAIRDANCE
 10178 | Lair:2   | 10178 ||| Stepping ~*~*~tactically~*~*~ (stealth).
 10180 | Lair:2   | 10180 ||| Stepping ~*~*~tactically~*~*~ (hiding).
 10187 | Lair:2   | Reached ***** piety under Okawaru
 10283 | Lair:2   | 10283 ||| Stepping ~*~*~tactically~*~*~ (hiding).
 10288 | Lair:2   | 10288 ||| INVOKING Heroism.
 10347 | Lair:2   | 10347 ||| INVOKING Heroism.
 10376 | Lair:2   | Noticed a skyshark
 10380 | Lair:2   | 10380 ||| INVOKING Heroism.
 10387 | Lair:2   | Killed a skyshark
 10387 | Lair:2   | Received a gift from Okawaru
 10388 | Lair:2   | Reached skill level 9 in Invocations
 10456 | Lair:2   | 10456 ||| Stepping ~*~*~tactically~*~*~ (stealth).
 10480 | Lair:2   | Found a frozen archway.
 10597 | Lair:2   | 10597 ||| INVOKING Heroism.
 10671 | Lair:2   | 10671 ||| INVOKING Heroism.
 10868 | Lair:2   | 10868 ||| INVOKING Heroism.
 11003 | Lair:2   | 11003 ||| INVOKING Heroism.
 11028 | Lair:2   | 11028 ||| Stepping ~*~*~tactically~*~*~ (stealth).
 11031 | Lair:2   | 11031 ||| Stepping ~*~*~tactically~*~*~ (stealth).
 11066 | Lair:2   | Noticed a catoblepas
 11067 | Lair:2   | 11067 ||| Stepping ~*~*~tactically~*~*~ (hiding).
 11070 | Lair:2   | 11070 ||| INVOKING Heroism.
 11076 | Lair:2   | Killed a catoblepas
 11077 | Lair:2   | Reached XP level 13. HP: 66/82 MP: 17/20
 11258 | Lair:2   | 11258 ||| INVOKING Heroism.
 11354 | Lair:2   | 11354 ||| DROPPING +1 hat.
 11355 | Lair:2   | 11355 ||| READING 2 scrolls labelled JEZYECWA DIKA.
 11356 | Lair:2   | 11356 ||| DROPPING scroll of amnesia.
 11423 | Lair:3   | Found a staircase to the Swamp.
 11424 | Lair:3   | 11424 ||| INVOKING Heroism.
 11428 | Lair:3   | 11428 ||| Stepping ~*~*~tactically~*~*~ (water).
 11429 | Lair:3   | 11429 ||| Stepping ~*~*~tactically~*~*~ (water).
 11429 | Lair:3   | HP: 17/82 [swamp worm (6)]
 11430 | Lair:3   | 11430 ||| READING 8 scrolls of teleportation.
 11430 | Lair:3   | Slain by a swamp worm

Levels and vault maps discovered:
D:1:      lightli_arrival_farm, layout_loops_corners
D:2:      layout_rooms, shapermc_ecumenical_altar_notcrosses
D:3:      layout_basic, kennysheep_vampire_church
D:4:      layout_loops_ring, fedhas_altar_3, mainiacjoe_overflow_boulevard,
          uniq_ijyb, uniq_blork_the_orc, uniq_crazy_yiuf_cottage
D:5:      dreamdust_elfheim, layout_loops_ring, amcnicky_altar_gilded,
          mainiacjoe_overflow_chevrons, kennysheep_mini,
          minmay_stone_trees_small, nicolae_alphabet_shops, uniq_duvessa
D:6:      layout_rooms, minmay_temple_entry_purple_smoke, enter_ossuary_2,
          serial_bayou_ford_a, kennysheep_decorative_pillar
D:7:      layout_loops_ring, vehumet_statue, enter_bailey_6
D:8:      layout_loops_ring, minmay_checkerbox, uniq_pikel
D:9:      layout_irregular_city, nicolae_ru_the_path_less_chosen,
          uniq_gastronok, uniq_grum
D:10:     layout_long_grid, minmay_overflow_temple_hex, kennysheep_little_box,
          dpeg_lair_monsters, orc_david_3, minmay_fractal_squares_5,
          uniq_josephine
Temple:   nicolae_temple_ecumenical_triangle
Lair:1:   layout_regular_city, nicolae_lair_grove_arrangements, uniq_amaemon
Lair:2:   nzn_winding_woodlands_three_and_one
          [nzn_winding_woodlands_5x15_default,
          nzn_winding_woodlands_5x15_sawtooth,
          nzn_winding_woodlands_5x15_pathside_ponds,
          nzn_winding_woodlands_center_triple_pond], layout_cave_pods,
          guppyfry_snake_entry_garden, portal_ice_cave_rime,
          serial_bayou_shore_b, lemuel_fruit_tree, infiniplex_staircase_pool
Lair:3:   layout_misc_corridors, minmay_swamp_entry_worms, basic_altar,
          grunt_megastairs_1

Skill      XL: |  1  2  3  4  5  6  7  8  9 10 11 12 |
---------------+-------------------------------------+-----
Axes           | 2 3 4 5 7 8 10 12 | 12.9
Fighting       | 4 5 6 7 8 9 10 | 10.0
Dodging        | 1 3 |  3.2
Throwing       | 2 3 5 |  5.1
Armour         | 4 6 8 |  8.3
Shields        | 4 5 6 |  6.0
Invocations    | 3 4 6 10 | 10.0

Action                     |  1- 3 |  4- 6 |  7- 9 | 10-12 | 13-15 || total
---------------------------+-------+-------+-------+-------+-------++-------
  Melee: War axe           |    97 |   148 |   293 |   423 |     9 ||   970
  Throw: Javelin           |       |       |    34 |    26 |     1 ||    61
         Boomerang         |       |       |    10 |    56 |       ||    66
 Invoke: Heroism           |       |       |     2 |    25 |     2 ||    29
    Use: Scroll            |     3 |     3 |    15 |     4 |     2 ||    27
         Potion            |       |     1 |     5 |     2 |       ||     8
   Stab: Distracted        |       |       |       |     1 |       ||     1
 Armour: Scale mail        |    55 |   110 |    70 |    54 |       ||   289
         Chain mail        |       |       |   106 |    74 |     9 ||   189
         Plate armour      |       |       |       |    65 |       ||    65
  Dodge: Dodged            |    50 |    93 |   114 |   167 |     8 ||   432
  Block: Buckler           |    20 |    38 |    45 |    94 |     4 ||   201

Table legend:
 A = Non-vault XP
 B = Vault XP
 C = Vault XP percentage of total XP
 D = Non-vault monster count
 E = Vault monster count
 F = Vault count percentage of total count
                 A         B        C        D         E       F
            +---------+---------+-------+---------+---------+-------
      Total |   16450 |   16613 |  50.2 |     221 |      81 |  26.8
            +---------+---------+-------+---------+---------+-------
        D:1 |      30 |       0 |   0.0 |      19 |       0 |   0.0
        D:2 |      88 |       0 |   0.0 |      22 |       0 |   0.0
        D:3 |      78 |     177 |  69.4 |      12 |       8 |  40.0
        D:4 |     357 |     122 |  25.5 |      22 |       2 |   8.3
        D:5 |     354 |     214 |  37.7 |      14 |       2 |  12.5
        D:6 |    1037 |       0 |   0.0 |      24 |       0 |   0.0
        D:7 |     981 |      32 |   3.2 |      19 |       1 |   5.0
        D:8 |    1376 |     808 |  37.0 |      29 |       5 |  14.7
        D:9 |    1407 |    2824 |  66.7 |      12 |       6 |  33.3
       D:10 |    2477 |    5412 |  68.6 |      11 |      22 |  66.7
     Lair:1 |    4993 |    1144 |  18.6 |      23 |       2 |   8.0
     Lair:2 |    3272 |    5595 |  63.1 |      14 |      17 |  54.8
    Ossuary |       0 |     285 | 100.0 |       0 |      16 | 100.0
            +---------+---------+-------+---------+---------+-------
